 Dungeon Crawl Stone Soup version 0.19-a0-650-gab89c2a (webtiles) character file.

80 Etesian the Skirmisher (level 4, -1/38 HPs)
             Began as a Centaur Fighter on June 14, 2016.
             Slain by a worm (3 damage)
             ... on level 3 of the Dungeon.
             The game lasted 00:06:04 (2138 turns).

Etesian the Skirmisher (Centaur Fighter)            Turns: 2138, Time: 00:06:05

Health: -1/38      AC:  6    Str: 18    XL:     4   Next: 18%
Magic:  4/4        EV:  5    Int:  7    God:
Gold:   32         SH:  8    Dex: 10    Spells: 0 memorised, 3 levels left

rFire  . . .     SeeInvis .     a - +0 flail
rCold  . . .     Gourm    .     b - +0 scale mail
rNeg   . . .     Faith    .     c - +0 shield
rPois  .         Spirit   .     (no helmet)
rElec  .         Dismiss  .     (no cloak)
rCorr  .         Reflect  .     (no gloves)
SustAt .         Harm     .     (no barding)
MR     .....                    (no amulet)
Stlth  ..........               (no ring)
                                (no ring)

@: very quick, not resistant to hostile enchantments, extremely unstealthy
A: hooves 3, deformed body, speed 2, tough skin 3
a: no special abilities


You were on level 3 of the Dungeon.
You were hungry.

You visited 1 branch of the dungeon, and saw 3 of its levels.

You collected 32 gold pieces.

Inventory:

Hand Weapons
 a - a +0 flail (weapon)
Armour
 b - a +0 scale mail (worn)
 c - a +0 shield (worn)
Scrolls
 i - a scroll of teleportation
 l - a scroll of remove curse
Potions
 d - a potion of might
 e - a potion of curing {unknown}
 g - a potion of heal wounds {unknown}
 j - a potion of lignification
 k - a potion of invisibility {unknown}
Comestibles
 f - 2 bread rations
 h - a meat ration
 m - 3 chunks of flesh


   Skills:
 + Level 3.3 Fighting
 * Level 2.8 Maces & Flails
 + Level 2.7 Armour
 + Level 2.6 Shields


You had 3 spell levels left.
You didn't know any spells.

Dungeon Overview and Level Annotations

Branches:
Dungeon (3/15)

Altars:
Makhleb


Innate Abilities, Weirdness & Mutations

You have hooves in place of feet.
Armour fits poorly on your strangely shaped body.
You cover ground very quickly.
You have extremely tough skin. (AC +3)


Message History

The orc wizard casts a spell.
The orc wizard blinks!
The orc hits you but does no damage.
Your shield and scale mail prevent you from hitting the orc.
The orc is moderately wounded.
The orc hits you with a dagger.
* * * LOW HITPOINT WARNING * * *
You take 2 damage, and have 2/38 hp.
You thump the orc!
You kill the orc!
A worm and an orc come into view.
The orc shouts!
The orc barely misses you.
Things that are here:
a dagger; a scroll labeled FIGERE DEAPA A bat, a worm and a goblin come into view.
The goblin shouts!
An orc wizard comes into view. It is wielding a dagger.
The orc wizard shouts!
The worm bites you.
You die...

....... .. .....w. ..
....... #.# . ....... .. .#
......g #o# ...
.....o.##.##....
#.......$....
####.#####.@w..b.###########
#.......##...####...........
#.......#..#o)...#...#...#..
#.............).............
#.............)..#...#...#..
#...........o...............
#................###########
#......)...................#
#######.....................


You could see 2 worms, 2 orc wizards, 2 orcs, a goblin and a bat.

Vanquished Creatures
  3 adders
  A worm (D:3)
  2 dart slugs
  3 giant geckos
  2 orcs (D:3)
  A ball python (D:1)
  2 giant cockroaches
  7 goblins
  4 hobgoblins
  A kobold (D:2)
  A quokka (D:2)
  6 bats
  A giant newt (D:1)
  7 rats
41 creatures vanquished.

Notes
Turn   | Place    | Note
--------------------------------------------------------------
     0 | D:1      | Etesian the Centaur Fighter began the quest for the Orb.
     0 | D:1      | Reached XP level 1. HP: 19/19 MP: 1/1
   291 | D:1      | Reached XP level 2. HP: 26/26 MP: 2/2
   924 | D:2      | Reached XP level 3. HP: 8/31 MP: 3/3
  2033 | D:3      | Found a burning altar of Makhleb.
  2092 | D:3      | Reached XP level 4. HP: 4/38 MP: 4/4
  2138 | D:3      | Slain by a worm

Vault maps used:
D:1:      kennysheep_arrival_seaside
D:3:      lemuel_coloured_pillars_altar, gup_sewer_entry_bubbles, first_bread

Skill      XL: |  1 |
---------------+----+-----
Maces & Flails | 2 |  2.8
Fighting       | |  3.3
Armour         | |  2.7
Shields        | |  2.6

Action                   |  1- 3 |  4- 6 || total
-------------------------+-------+-------++-------
Melee: Flail             |   131 |    14 ||   145
       Kick              |    28 |     4 ||    32
  Use: Scroll            |     6 |       ||     6
  Eat: Chunk             |     2 |       ||     2
Armor: Scale mail        |    71 |     5 ||    76
Dodge: Dodged            |    32 |     5 ||    37
Block: Shield            |    74 |     3 ||    77
